 Dungeon Crawl Stone Soup version 0.29-a0-303-ge4682ce883 (webtiles) character file.

Game seed: 15966936746557075776

1054 Dabor the Chopper (level 8, -11/71 HPs)
             Began as a Hill Orc Monk on Mar 24, 2022.
             Mangled by a sun demon (15 damage)
             ... summoned by a kobold demonologist
             ... on level 1 of the Abyss.
             The game lasted 00:07:52 (6073 turns).

Dabor the Chopper (Hill Orc Monk)                   Turns: 6073, Time: 00:07:52

Health: -11/71     AC: 14    Str: 16    XL:     8   Next: 26%
Magic:  8/8        EV:  8    Int: 16    God:
Gold:   360        SH:  0    Dex: 13    Spells: 7/7 levels left

rFire   . . .      SeeInvis .   s - +3 battleaxe (venom)
rCold   . . .      Faith    .   (shield currently unavailable)
rNeg    . . .      Spirit   .   c - +1 chain mail of Cicihin {Will+ Slay+4}
rPois   .          Reflect  .   m - +1 helmet
rElec   .          Harm     .   (no cloak)
rCorr   .          Rampage  .   (no gloves)
Will    +....                   l - +0 pair of boots
Stlth   ..........              p - amulet of the acrobat
HPRegen 0.21/turn               u - +6 ring of intelligence
MPRegen 0.11/turn               (no ring)

@: no status effects
A: no striking features
a: no special abilities


You were on level 1 of the Abyss.
You visited 1 branch of the dungeon, and saw 6 of its levels.
You visited the Abyss 1 time.
You also visited: Sewer.

You collected 360 gold pieces.

Inventory:

Hand Weapons
 a - a +0 hand axe
 e - a +3 mace
 h - a +2 hand axe of freezing
 s - a +3 battleaxe of venom (weapon)
Missiles
 j - a poisoned dart (quivered)
Armour
 c - the +1 chain mail of Cicihin (worn) {Will+ Slay+4}
   (You found it on level 3 of the Dungeon)

   Slay:      It affects your accuracy & damage with ranged weapons and melee
   (+4).
   Will:      It increases your willpower.
 l - a +0 pair of boots (worn)
 m - a +1 helmet (worn)
Jewellery
 p - an amulet of the acrobat (around neck)
 u - a +6 ring of intelligence (left hand)
Wands
 k - a wand of iceblast (9)
 o - a wand of paralysis (12)
 r - a wand of polymorph (15)
Scrolls
 d - 2 scrolls of immolation
 f - 2 scrolls of brand weapon
 g - a scroll of vulnerability
 i - a scroll of fog
 q - 2 scrolls of blinking
 v - 3 scrolls of teleportation
Potions
 b - 2 potions of degeneration {unknown}
 n - a potion of mutation {unknown}
 t - 5 potions of magic
 w - 3 potions of haste
 x - a potion of heal wounds {unknown}
 z - 2 potions of curing {unknown}
 A - a potion of flight {unknown}


   Skills:
 + Level 6.6 Fighting
 + Level 7.3 Axes
 + Level 4.8 Armour
 + Level 4.7 Dodging
 - Level 1.5 Stealth


You had 7 spell levels left.
You didn't know any spells.
Your spell library contained the following spells:

 Spells                   Type           Power      Damage    Failure   Level
 Freeze                   Ice            0%         1d3       98%         1
 Ensorcelled Hibernation  Hex/Ice        0%         N/A       99%         2
 Passwall                 Tmut/Erth      0%         N/A       99%         2
 Call Canine Familiar     Summ           0%         N/A       100%        3
 Frozen Ramparts          Ice            0%         1d2       100%        3
 Portal Projectile        Hex/Tloc       0%         N/A       100%        3
 Swiftness                Air            0%         N/A       100%        3
 Hailstorm                Conj/Ice       0%         3d3       100%        4
 Leda's Liquefaction      Hex/Erth       0%         N/A       100%        4
 Dispersal                Tloc           0%         N/A       100%        6
 Disjunction              Tloc           0%         N/A       100%        8


Dungeon Overview and Level Annotations

Branches:
Dungeon (6/15)              Sewer (visited)
 Temple: D:4-7

Altars:
Ashenzari
Gozag
Hepliaklqana
Nemelex Xobeh
Okawaru
Uskayaw
Xom
Zin
The Shining One

Shops:
D:2 =


Message History

You hit the kobold.
You kill the kobold!
That felt strangely unrewarding.
You closely miss the shadow imp. You slash the chaos spawn!
The chaos spawn looks as sick as possible!
The kobold demonologist gestures wildly while chanting.
The kobold demonologist casts a spell.
The chaos spawn gores you but does no damage.
The shadow imp closely misses you. The sun demon hits you!
You are engulfed in flames!!
Okay, then.
As you read the scroll of holy word, it crumbles to dust.
You speak a Word of immense power!
The iron imp convulses!
You kill the iron imp!
The iron imp disappears in a puff of smoke!
The sun demon convulses!
The shadow imp convulses!
You kill the shadow imp!
The shadow imp disappears in a puff of smoke!
The chaos spawn convulses!
You kill the chaos spawn!
The chaos spawn degenerates into a cloud of primal chaos!
The hellwing convulses!
The white imp convulses!
You kill the white imp!
The white imp disappears in a puff of smoke!
The iron imp convulses!
You kill the iron imp!
The iron imp disappears in a puff of smoke!
The crimson imp convulses!
You kill the crimson imp!
The crimson imp disappears in a puff of smoke!
The white imp convulses!
You kill the white imp!
The white imp disappears in a puff of smoke!
The ufetubus convulses!
You kill the ufetubus!
The ufetubus disappears in a puff of smoke!
The sun demon hits you!!
* * * LOW HITPOINT WARNING * * *
You are engulfed in flames!
You die...

#. ..... .....
##.##.........#
.#...............#
#............ ...#
#................#
...#...#..........#
### .
#...#.>..##....#
...
#...#..4.§##...#
..#
#.......)@K..§..##.
#
###....§§3........
..
..#.##..§.K.§...#.
# ..#....§.....#
..#....§.....#....#
....#.........#
.#.. .#.#....##...#
..#
...........#.....#
...... ....... ...#


You could see a sun demon (summoned, dazed), a hellwing (summoned, dazed) and 2
kobold demonologists.

Vanquished Creatures
  A wyvern (D:6)
  Duvessa (D:5)
  A water moccasin (Sewer)
  A black bear (D:4)
  A sky beast (D:5)
  A centaur (D:5)
  A wight (D:4)
  Dowan (D:5)
  A jelly (D:4)
  2 hounds (D:4)
  An iguana (D:4)
  2 orc wizards (D:6)
  Robin (D:2)
  5 adders
  2 ufetubi
  4 worms
  2 dart slugs
  10 orcs
  7 ball pythons
  5 bats
  8 endoplasms
  4 giant cockroaches
  10 goblins
  17 hobgoblins
  7 jackals
  8 kobolds
  3 quokkas
  2 frilled lizards
  5 rats
114 creatures vanquished.

Notes
Turn   | Place    | Note
-------+----------+-------------------------------------------
     0 | D:1      | Dabor the Hill Orc Monk began the quest for the Orb.
     0 | D:1      | Reached XP level 1. HP: 19/19 MP: 1/1
   158 | D:1      | Reached XP level 2. HP: 27/27 MP: 2/2
   340 | D:1      | Reached skill level 1 in Armour
   575 | D:1      | Reached XP level 3. HP: 33/33 MP: 3/3
   803 | D:2      | Noticed Robin
   846 | D:2      | Killed Robin
  1290 | D:2      | Reached XP level 4. HP: 36/40 MP: 4/4
  1444 | D:2      | Found Xariowobb's Jewellery Shop.
  2027 | D:3      | Identified the +1 chain mail of Cicihin {Will+ Slay+4}
  2177 | D:3      | Found a glowing silver altar of Zin.
  2177 | D:3      | Found a glowing golden altar of the Shining One.
  2177 | D:3      | Found a shimmering altar of Xom.
  2177 | D:3      | Found a broken altar of Ashenzari.
  2178 | D:3      | Found an iron altar of Okawaru.
  2178 | D:3      | Found a hazy altar of Hepliaklqana.
  2179 | D:3      | Found a hide-covered altar of Uskayaw.
  2179 | D:3      | Found an opulent altar of Gozag.
  2179 | D:3      | Found a sparkling altar of Nemelex Xobeh.
  2193 | D:3      | Reached skill level 5 in Axes
  2401 | D:3      | Reached XP level 5. HP: 47/47 MP: 5/5
  2599 | D:4      | Reached skill level 5 in Fighting
  2599 | D:4      | Reached XP level 6. HP: 41/56 MP: 6/6
  3300 | D:4      | Noticed a black bear
  3309 | D:4      | Killed a black bear
  3310 | D:4      | Reached skill level 6 in Axes
  4774 | D:5      | Entered Level 5 of the Dungeon
  4907 | D:5      | Noticed a sky beast
  4914 | D:5      | Killed a sky beast
  4915 | D:5      | Reached XP level 7. HP: 54/61 MP: 7/7
  4933 | D:5      | Noticed Duvessa
  4934 | D:5      | Noticed Dowan
  4940 | D:5      | Killed Duvessa
  4943 | D:5      | Killed Dowan
  4995 | D:5      | Found a glowing drain.
  5009 | Sewer    | Entered a sewer
  5121 | Sewer    | Reached XP level 8. HP: 25/70 MP: 8/8
  5640 | D:5      | Reached skill level 7 in Axes
  5975 | D:6      | Noticed a wyvern
  5984 | D:6      | Killed a wyvern
  6043 | D:6      | Cast into level 1 of the Abyss (orc wizard)
  6065 | Abyss:1  | Noticed a kobold demonologist
  6066 | Abyss:1  | Noticed a kobold demonologist
  6071 | Abyss:1  | Noticed a sun demon
  6073 | Abyss:1  | Noticed a hellwing
  6073 | Abyss:1  | Mangled by a sun demon

Illustrated notes

Levels and vault maps discovered:
D:1:      psy_arrival_spokes, layout_rooms, minmay_misc_feat_room
D:2:      layout_basic, serial_shops,
          nicolae_shop_temple_entry_statues_fountains, roderic_lattice_a,
          minmay_hexomino_f4, uniq_robin
D:3:      wander_river, layout_rooms, nicolae_overflows_in_rows,
          kennysheep_generic_room_5
D:4:      layout_basic, minmay_fractal_squares_diagonal_5
D:5:      layout_basic, cheibrodos_sewer_entry_drain, uniq_duvessa
D:6:      layout_loops_ring
Abyss:1:  base:
D:3

Skill      XL: |  1  2  3  4  5  6  7  8 |
---------------+-------------------------+-----
Armour         | 1 2 3 4 |  4.8
Fighting       | 4 5 6 |  6.6
Dodging        | 3 4 |  4.7
Axes           | 5 6 7 |  7.3
Stealth        | |  1.5

Action                   |  1- 3 |  4- 6 |  7- 9 || total
-------------------------+-------+-------+-------++-------
Melee: Hand axe          |   105 |    39 |       ||   144
       Punch             |     1 |       |       ||     1
       Mace              |       |    56 |       ||    56
       Battleaxe         |       |    28 |    54 ||    82
Throw: Dart              |       |       |     3 ||     3
  Use: Potion            |     2 |       |       ||     2
       Scroll            |       |    11 |     4 ||    15
 Stab: Sleeping          |     1 |       |       ||     1
Armor: Robe              |    15 |       |       ||    15
       Scale mail        |    20 |     3 |       ||    23
       Chain mail        |       |    89 |    38 ||   127
Dodge: Dodged            |    58 |    53 |    38 ||   149

Table legend: (Time is in decaauts)
 A = Elapsed time spent in this place.
 B = Non-inter-level travel time spent in this place.
 C = Inter-level travel time spent in this place.
 D = Time resting spent in this place.
 E = Time spent auto-exploring this place.
 F = Levels seen in this place.
 G = Mean time per level.
                   A        B        C        D        E       F      G
               +--------+--------+--------+--------+--------+-----+--------+
         Total |   6145 |   6043 |    102 |   2068 |   2876 |   8 |  768.1 |
       Dungeon |   5600 |   5498 |    102 |   1747 |   2758 |   6 |  933.3 |
         Abyss |     30 |     30 |      0 |      0 |      0 |   1 |   30.0 |
         Sewer |    514 |    514 |      0 |    321 |    117 |   1 |  514.0 |
               +--------+--------+--------+--------+--------+-----+--------+

Top non-repeatable levels by time:
     D:4: 2238 daAuts
     D:2: 1165 daAuts
     D:1: 795 daAuts
     D:5: 707 daAuts
     D:3: 616 daAuts
   Sewer: 514 daAuts
     D:6: 77 daAuts
 Abyss:1: 30 daAuts
